 Dungeon Crawl Stone Soup version 0.28-a0-984-g3775c662fe (webtiles) character file.

Game seed: 12378815706767241829

6930 vurker the Zephyrmancer (level 11, -2/75 HPs)
             Began as an Octopode Air Elementalist on Dec 3, 2021.
             Was a Believer of Vehumet.
             Slain by a yak (16 damage)
             ... on level 9 of the Dungeon.
             The game lasted 00:13:43 (15294 turns).

vurker the Zephyrmancer (OpAE)                     Turns: 15294, Time: 00:13:44

Health: -2/75      AC:  1    Str: 13    XL:     11   Next: 7%
Magic:  10/24      EV: 13    Int: 28    God:    Vehumet [**....]
Gold:   513        SH:  0    Dex: 19    Spells: 24/29 levels left

rFire   . . .      SeeInvis .   s - +2 dagger (venom)
rCold   . . .      Faith    .   (no shield)
rNeg    . . .      Spirit   .   (helmet restricted)
rPois   .          Reflect  .   (no amulet)
rElec   .          Harm     .   i - +6 ring of strength
rCorr   .          Rampage  .   r - ring of flight
Will    .....                   a - +6 ring of intelligence
Stlth   +++.......              h - +6 ring of dexterity
HPRegen 0.22/turn               (no ring)
MPRegen 0.19/turn               (no ring)
                                (no ring)
                                (no ring)

@: flying, very slightly contaminated, slowed, very slow
A: almost no armour, amphibious, 8 rings, camouflage 1, gelatinous body 1,
(nimble swimmer 1), tentacles
a: Renounce Religion


You were on level 9 of the Dungeon.
You worshipped Vehumet.
Vehumet was pleased with you.
You visited 2 branches of the dungeon, and saw 11 of its levels.

You collected 513 gold pieces.

Inventory:

Hand Weapons
 s - a +2 dagger of venom (weapon)
   (You took it off an orc wizard on level 5 of the Dungeon)
Armour
 b - a +2 kite shield
   (You found it on level 8 of the Dungeon)
Magical Staves
 j - a staff of earth
   (You found it on level 9 of the Dungeon)
 o - a staff of conjuration
   (You found it on level 4 of the Dungeon)
Jewellery
 a - a +6 ring of intelligence (on tentacle)
   (You found it on level 6 of the Dungeon)
 h - a +6 ring of dexterity (on tentacle)
   (You found it on level 6 of the Dungeon)
 i - a +6 ring of strength (left tentacle)
   (You found it on level 3 of the Dungeon)
 r - a ring of flight (right tentacle)
   (You found it on level 5 of the Dungeon)
Wands
 d - a wand of iceblast (11)
   (You found it on level 6 of the Dungeon)
 e - a wand of charming (9)
   (You found it on level 8 of the Dungeon)
 n - a wand of mindburst (6)
   (You found it on level 10 of the Dungeon)
 t - a wand of flame (10)
   (You found it on level 5 of the Dungeon)
 u - a wand of paralysis (8)
   (You found it on level 8 of the Dungeon)
Scrolls
 c - 6 scrolls of identify
 g - a scroll of fear
 k - a scroll of fog
Potions
 f - 2 potions of cancellation
 l - a potion of brilliance {unknown}
 m - 2 potions of curing
 p - a potion of flight {unknown}


   Skills:
 + Level 7.3 Fighting
 - Level 2.0 Dodging
 - Level 2.6 Stealth
 * Level 9.8 Spellcasting
 - Level 3.0 Conjurations
 * Level 10.8 Air Magic


You had 24 spell levels left.
You knew the following spells:

 Your Spells              Type           Power      Damage    Failure   Level
a - Shock                 Conj/Air       100%       1d9       1%          1
c - Airstrike             Air            32%        N/A       1%          4

Your spell library contained the following spells:

 Spells                   Type           Power      Damage    Failure   Level
 Sandblast                Erth           26%        2d8       4%          1
 Static Discharge         Conj/Air       51%        N/A       1%          2
 Swiftness                Air            65%        N/A       1%          3
 Summon Small Mammal      Summ           52%        N/A       4%          1
 Ensorcelled Hibernation  Hex/Ice        26%        N/A       6%          2
 Call Canine Familiar     Summ           13%        N/A       12%         3
 Spider Form              Tmut/Pois      13%        N/A       12%         3
 Summon Guardian Golem    Hex/Summ       13%        N/A       12%         3
 Tukima's Dance           Hex            13%        N/A       12%         3


Dungeon Overview and Level Annotations

Branches:
Dungeon (10/15)            Temple (1/1) D:5            Lair (0/6) D:8
    Orc (0/2) D:10

Altars:
Gozag
Hepliaklqana
Kikubaaqudgha
Qazlal
Ru
Trog
Uskayaw
Vehumet
The Shining One

Shops:
D:10 [

Annotations:
D:4 2 transporters, Ska's ghost, amateur OpWz
D:6 2 transporters
D:9 4 runed translucent doors


Innate Abilities, Weirdness & Mutations

You cannot wear most types of armour.
You are amphibious.
You can wear up to eight rings at the same time.
Your skin changes colour to match your surroundings (Stealth+).
Your rubbery body absorbs attacks. (AC +1, EV +1)
((You are camouflaged near water. (Stealth+)))
You have tentacles for arms and can constrict up to eight enemies at once.


Message History

The zap hits the orc zombie!
You destroy the orc zombie!
Vehumet accepts your kill.
You can't see any susceptible monsters within range! (Use Z to cast anyway.)
A howler monkey zombie comes into view.
A howler monkey zombie is nearby!
A howler monkey zombie is nearby!
Aim: a howler monkey zombie (dormant, empty space bonus: 3/8)
The air twists around and strikes the howler monkey zombie!
Aim: a howler monkey zombie (heavily damaged, empty space bonus: 3/8)
The air twists around and strikes the howler monkey zombie!
You destroy the howler monkey zombie!
Vehumet accepts your kill.
You can't see any susceptible monsters within range! (Use Z to cast anyway.)
An orc zombie comes into view.
Found 19 gold pieces.
The orc zombie moves out of view.
A wraith comes into view.
Found a stone staircase leading up.
The wraith moves out of view.
A yak comes into view. x2
There are monsters nearby!
Aim: a wraith (empty space bonus: 7/8)
The air twists around and strikes the wraith!
The yak bellows! x2; You hear a bellow!
A yak comes into view.
A yak comes into view.
A yak comes into view.
There is a stone staircase leading up here.
The yak bellows! x2
The yak barely misses you. The wraith misses you.
You fly upwards.
Level annotation: 4 runed translucent doors
There is a stone staircase leading down here.
Aim: a yak (empty space bonus: 6/8)
The air twists around and strikes the yak!!
The yak completely misses you. The wraith hits you!
Aim: a yak (heavily wounded, empty space bonus: 6/8)
The air twists around and strikes the yak!
The yak gores you! The wraith hits you! The wraith drains your vigour!
You feel yourself slow down. The wraith hits you!
* * * LOW HITPOINT WARNING * * *
The yak completely misses you. The wraith hits you!
* * * LOW HITPOINT WARNING * * *
The wraith drains your vigour!
You feel as though you will be slow longer.
Aim: a yak (almost dead, empty space bonus: 5/8)
You miscast Airstrike.
You are very lightly contaminated with residual magic.
Nothing appears to happen.
The yak gores you!
You die...

#.....#...#.......
##..###...........
#.<#......#......
######..##.###.##.....
#.##........#.........
##.#....#....#.>.......
#......##...###........
##.##.Y.#######..###...
###..@W# ###..........
#.....###...........#
#.......#..........##
##.................##
####.>............##
###...............
##.##.......##.....
#..##..............
#........<....##.<.


You could see a yak and a wraith.

Vanquished Creatures
  Erica (D:8)
  Pikel (D:8)
  A deep elf pyromancer (D:9)
  Psyche (D:9)
  Maggie (D:10)
  2 wyverns
  5 yaks
  An acid dragon (D:9)
  A water moccasin (D:6)
  3 orc warriors
  2 ice beasts (D:7)
  A black bear (D:8)
  A necrophage (D:7)
  An ogre (D:6)
  A centaur (D:10)
  3 phantoms (D:10)
  A lemure (D:9)
  A kobold brigand (D:8)
  4 bullfrogs
  2 gnoll sergeants
  4 scorpions
  A troll zombie (D:10)
  5 killer bees
  5 wights (D:8)
  2 bullfrog zombies (D:6)
  3 centaur zombies
  4 hounds
  2 jellies
  2 gnoll shamans
  7 orc priests
  A bullfrog skeleton (D:6)
  A centaur skeleton (D:7)
  3 iguanas
  6 orc wizards
  A killer bee zombie (D:8)
  5 ogre zombies (D:10)
  A hound zombie (D:5)
  A hound skeleton (D:3)
  4 howler monkey zombies
  6 adders
  18 gnolls
  A howler monkey skeleton (D:6)
  2 ufetubi
  An adder skeleton (D:4)
  2 worms
  3 dart slugs
  23 orcs
  8 bats
  9 endoplasms
  5 giant cockroaches
  4 hobgoblins
  3 jackals (D:3)
  5 quokkas
  9 ball pythons
  3 frilled lizards
  7 goblins
  A goblin skeleton (D:10)
  4 goblin zombies (D:10)
  A hobgoblin skeleton (D:10)
  A hobgoblin zombie (D:10)
  8 kobolds
  2 orc skeletons (D:10)
  9 orc zombies (D:10)
  6 rats
233 creatures vanquished.

Notes
Turn   | Place    | Note
-------+----------+-------------------------------------------
     0 | D:1      | vurker the Octopode Air Elementalist began the quest for
                  | the Orb.
     0 | D:1      | Reached XP level 1. HP: 11/11 MP: 3/3
   250 | D:1      | Reached XP level 2. HP: 17/17 MP: 0/5
   595 | D:1      | Found a faded altar of an unknown god.
   894 | D:2      | Reached XP level 3. HP: 22/22 MP: 0/6
  1238 | D:2      | Reached skill level 1 in Fighting
  1503 | D:2      | Reached XP level 4. HP: 23/28 MP: 4/8
  2221 | D:3      | Reached skill level 4 in Air Magic
  2274 | D:3      | Reached XP level 5. HP: 33/33 MP: 4/9
  2802 | D:3      | Found a sacrificial altar of Ru.
  2980 | D:4      | Noticed a kobold brigand
  2984 | D:4      | Noticed a small abomination
  3205 | D:4      | Reached XP level 6. HP: 38/39 MP: 2/11
  3285 | D:4      | Found a transporter.
  3314 | D:4      | Noticed Ska's ghost (amateur OpWz)
  3332 | D:4      | Found a transporter.
  3615 | D:4      | Found a hide-covered altar of Uskayaw.
  3964 | D:4      | Reached skill level 5 in Air Magic
  4461 | D:5      | Entered Level 5 of the Dungeon
  4535 | D:5      | Found a staircase to the Ecumenical Temple.
  4551 | Temple   | Entered the Ecumenical Temple
  4581 | Temple   | Became a worshipper of Vehumet
  4678 | D:5      | Reached XP level 7. HP: 45/45 MP: 5/13
  5022 | D:5      | Noticed a wyvern
  5034 | D:5      | Killed a wyvern
  5595 | D:5      | Reached skill level 5 in Spellcasting
  5595 | D:5      | Reached XP level 8. HP: 52/52 MP: 7/15
  5604 | D:5      | Reached skill level 6 in Air Magic
  6099 | D:6      | Learned a level 4 spell: Airstrike
  6647 | D:6      | Found a transporter.
  6666 | D:6      | Reached * piety under Vehumet
  6666 | D:6      | Offered knowledge of Magic Dart by Vehumet.
  6781 | D:6      | Found a bloodstained altar of Trog.
  6847 | D:6      | Found a transporter.
  7338 | D:7      | Reached skill level 7 in Air Magic
  7604 | D:7      | Reached XP level 9. HP: 59/59 MP: 1/18
  8468 | D:7      | Reached skill level 5 in Fighting
  8868 | D:7      | Reached skill level 8 in Air Magic
  9090 | D:8      | Noticed Erica
  9111 | D:8      | Killed Erica
  9645 | D:8      | Reached skill level 9 in Air Magic
  9859 | D:8      | Found a stormy altar of Qazlal.
  9898 | D:8      | Found a staircase to the Lair.
 10040 | D:8      | Reached XP level 10. HP: 68/68 MP: 4/22
 10274 | D:8      | Found an ancient bone altar of Kikubaaqudgha.
 10908 | D:9      | Noticed Psyche
 10910 | D:9      | Killed Psyche
 10914 | D:9      | Noticed Pikel
 11866 | D:8      | Found an ancient bone altar of Kikubaaqudgha.
 12492 | D:8      | Killed Pikel
 12787 | D:9      | Found a runed translucent door.
 12804 | D:9      | Found a runed translucent door.
 12818 | D:9      | Found a runed translucent door.
 12832 | D:9      | Found a runed translucent door.
 12837 | D:9      | Reached skill level 10 in Air Magic
 12966 | D:9      | Noticed a deep elf pyromancer
 12971 | D:9      | Killed a deep elf pyromancer
 13815 | D:10     | Entered Level 10 of the Dungeon
 13919 | D:10     | Found Qeal's Armour Boutique.
 13928 | D:10     | Noticed Maggie
 14008 | D:10     | Killed Maggie
 14140 | D:10     | Reached XP level 11. HP: 66/75 MP: 1/24
 14324 | D:10     | Reached ** piety under Vehumet
 14492 | D:10     | Offered knowledge of Sandblast by Vehumet.
 14899 | D:10     | Found a staircase to the Orcish Mines.
 15294 | D:9      | Slain by a yak

Illustrated notes

Levels and vault maps discovered:
D:1:      amcnicky_arrival_wind_blow, layout_basic,
          hellmonk_ecumenical_altar_leap_of_faith
D:2:      layout_rooms
D:3:      wander_river, layout_rooms, nicolae_ru_the_path_less_chosen
D:4:      layout_gridville, lemuel_doored_altar, gammafunk_ghost_abyssal_escape,
          chequers_serial_rivers_micro_d, solitary_fountain
D:5:      layout_basic, minmay_temple_entry_statues_pillars, minivault_4,
          hex_tiny
D:6:      gammafunk_cloud_chamber, layout_basic,
          mainiacjoe_overflow_tiny_flanked, minmay_crystal_room
D:7:      layout_basic
D:8:      layout_loops_corners, mainiacjoe_overflow_boulevard,
          mainiacjoe_overflow_catwalk, lair_entry_dummy, uniq_erica
D:9:      layout_cave_pools, minmay_statue_crystal_thing, uniq_pikel,
          uniq_psyche
D:10:     layout_basic, zombieorc1_lemuel, serial_shops, nicolae_square_shop,
          uniq_maggie
Temple:   minmay_crystal_spiral_temple

Skill      XL: |  1  2  3  4  5  6  7  8  9 10 |
---------------+-------------------------------+-----
Fighting       | 1 2 3 4 5 7 |  7.3
Spellcasting   | 3 4 5 6 8 9 |  9.8
Air Magic      | 4 5 7 9 10 | 10.8
Conjurations   | 2 3 |  3.0
Dodging        | |  2.0
Stealth        | |  2.6

Action                   |  1- 3 |  4- 6 |  7- 9 | 10-12 || total
-------------------------+-------+-------+-------+-------++-------
Melee: Unarmed           |    15 |       |       |       ||    15
       Constrict         |     8 |     3 |     4 |     1 ||    16
       Tentacles         |     5 |     3 |     6 |     7 ||    21
       Dagger            |    13 |     7 |    18 |    27 ||    65
 Cast: Shock             |    67 |   162 |   132 |    39 ||   400
       Airstrike         |       |       |    63 |   112 ||   175
Evoke: Wand              |       |       |     1 |     3 ||     4
  Use: Potion            |       |     2 |       |     2 ||     4
       Scroll            |       |       |    15 |     1 ||    16
 Stab: Sleeping          |     1 |       |     1 |       ||     2
Armor: Skin              |     3 |     3 |     3 |    46 ||    55
Dodge: Dodged            |    22 |    33 |    33 |    35 ||   123

Table legend: (Time is in decaauts)
 A = Elapsed time spent in this place.
 B = Non-inter-level travel time spent in this place.
 C = Inter-level travel time spent in this place.
 D = Time resting spent in this place.
 E = Time spent auto-exploring this place.
 F = Levels seen in this place.
 G = Mean time per level.
                   A        B        C        D        E       F      G
               +--------+--------+--------+--------+--------+-----+--------+
         Total |  15302 |  14799 |    503 |    902 |  12353 |  11 | 1391.1 |
       Dungeon |  15252 |  14767 |    485 |    902 |  12329 |  10 | 1525.2 |
        Temple |     49 |     31 |     18 |      0 |     24 |   1 |   49.0 |
               +--------+--------+--------+--------+--------+-----+--------+

Top non-repeatable levels by time:
     D:8: 3877 daAuts
     D:7: 1715 daAuts
     D:5: 1500 daAuts
    D:10: 1423 daAuts
     D:4: 1358 daAuts
     D:6: 1266 daAuts
     D:2: 1150 daAuts
     D:3: 1029 daAuts
     D:9: 1014 daAuts
     D:1: 918 daAuts
  Temple: 49 daAuts
